 Dungeon Crawl Stone Soup version 0.28-a0-750-g7c675f85b1 (webtiles) character file.

Game seed: 6413585625907436631

30 willcat the Sneak (level 3, -4/22 HPs)
             Began as a Deep Elf Delver on Oct 29, 2021.
             Killed from afar by Sigmund (10 damage)
             ... with a puff of flame
             ... on level 5 of the Dungeon.
             The game lasted 00:00:37 (83 turns).

willcat the Sneak (Deep Elf Delver)                   Turns: 83, Time: 00:00:38

Health: -4/22      AC:  3    Str:  9    XL:     3   Next: 3%
Magic:  5/5        EV: 12    Int: 15    God:
Gold:   17         SH:  0    Dex: 16    Spells: 2/2 levels left

rFire   . . .      SeeInvis .   a - +0 short sword
rCold   . . .      Faith    .   (no shield)
rNeg    . . .      Spirit   .   b - +0 leather armour
rPois   .          Reflect  .   (no helmet)
rElec   .          Harm     .   (no cloak)
rCorr   .          Rampage  .   (no gloves)
Will    .....                   (no boots)
Stlth   +++.......              (no amulet)
HPRegen 0.07/turn               (no ring)
MPRegen 0.09/turn               (no ring)

@: hasted, very quick
A: no striking features
a: no special abilities


You were on level 5 of the Dungeon.
You visited 1 branch of the dungeon, and saw 1 of its levels.

You collected 17 gold pieces.

Inventory:

Hand Weapons
 a - a +0 short sword (weapon)
Armour
 b - a +0 leather armour (worn)
Wands
 g - a wand of digging (3)
 j - a wand of iceblast (8)
Scrolls
 c - a scroll of fog
 d - a scroll of magic mapping


   Skills:
 - Level 2.4 Fighting
 + Level 2.6 Short Blades
 + Level 3.1 Dodging
 + Level 6.4 Stealth


You had 2 spell levels left.
You didn't know any spells.
Your spell library was empty.

Dungeon Overview and Level Annotations

Branches:
Dungeon (5/15)
 Temple: D:4-7

Altars:

Annotations:
D:5 Sigmund


Message History

Sigmund gestures at you while chanting. The magic dart hits you.
Throw: 2 javelins
Press: ? - help, Q - select action, (/) - cycle Shift-Dir - straight line, f/p - Sigmund
Aim: Sigmund, wielding a +1 scythe of flaming and wearing a +0 robe (lightly wounded, 57% to hit)
You throw a javelin. The javelin pierces through Sigmund.
Sigmund is lightly wounded.
Throw: javelin
Press: ? - help, Q - select action, (/) - cycle Shift-Dir - straight line, f/p - Sigmund
Aim: Sigmund, wielding a +1 scythe of flaming and wearing a +0 robe (lightly wounded, 57% to hit)
You throw a javelin. The javelin barely misses Sigmund.
Unknown command.
Unknown command.
Sigmund barely misses you.
You hit Sigmund but do no damage.
Sigmund is lightly wounded.
You hit Sigmund.
Sigmund is lightly wounded.
Sigmund gestures at you while chanting. The puff of flame hits you!
* * * LOW HITPOINT WARNING * * *
You hit Sigmund.
Sigmund is moderately wounded.
You barely miss Sigmund.
Sigmund is moderately wounded.
Sigmund barely misses you.
You completely miss Sigmund.
Sigmund is moderately wounded.
You barely miss Sigmund.
Sigmund is moderately wounded.
Sigmund closely misses you.
You hit Sigmund but do no damage.
Sigmund is moderately wounded.
You hit Sigmund but do no damage.
Sigmund is moderately wounded.
You hit Sigmund.
Sigmund is moderately wounded.
Sigmund casts a spell at you. The puff of flame hits you!
You die...

# #. .####.###
........# #.# ....
#@# .[.# #@# ...
#.#.# #.. #. .#
#.#.# #.# .#..
#.#.# #.# ...#
#.#.# ###O####..#
#.#(# 5.........#
#.#.#
.##.####.#####.#.#


You could see Sigmund.

Vanquished Creatures
  A jelly (D:5)
1 creature vanquished.

Notes
Turn   | Place    | Note
-------+----------+-------------------------------------------
     0 | D:5      | willcat the Deep Elf Delver began the quest for the Orb.
     0 | D:5      | Reached XP level 1. HP: 13/13 MP: 3/3
     5 | D:5      | Noticed a jelly
    12 | D:5      | Killed a jelly
    13 | D:5      | Reached XP level 2. HP: 18/18 MP: 4/4
    13 | D:5      | Reached XP level 3. HP: 22/22 MP: 5/5
    31 | D:5      | Noticed an ogre
    50 | D:5      | Noticed Sigmund
    83 | D:5      | Killed from afar by Sigmund

Illustrated notes

Levels and vault maps discovered:
D:5:      layout_loops_ring, kennysheep_diamond, uniq_edmund, uniq_sigmund

Skill      XL: |  1 |
---------------+----+-----
Dodging        | 3 |  3.1
Fighting       | |  2.4
Short Blades   | |  2.6
Stealth        | |  6.4

Action                   || total
-------------------------++-------
Melee: Short sword       ||    17
Throw: Javelin           ||     5
  Use: Scroll            ||     2
       Potion            ||     2
 Stab: Sleeping          ||     1
Dodge: Dodged            ||     8

Table legend: (Time is in decaauts)
 A = Elapsed time spent in this place.
 B = Non-inter-level travel time spent in this place.
 C = Inter-level travel time spent in this place.
 D = Time resting spent in this place.
 E = Time spent auto-exploring this place.
 F = Levels seen in this place.
 G = Mean time per level.
                   A        B        C        D        E       F      G
               +--------+--------+--------+--------+--------+-----+--------+
         Total |     76 |     76 |      0 |      0 |     16 |   1 |   76.0 |
       Dungeon |     76 |     76 |      0 |      0 |     16 |   1 |   76.0 |
               +--------+--------+--------+--------+--------+-----+--------+

Top non-repeatable levels by time:
     D:5: 76 daAuts
